 Dungeon Crawl Stone Soup version 0.22-a0-448-g1fb7470 (webtiles) character file.

147 pk666 the Magician (level 5, -10/28 HPs)
             Began as a Deep Elf Fire Elementalist on June 5, 2018.
             Mangled by junkhipster's ghost (13 damage)
             ... on level 3 of the Dungeon.
             The game lasted 00:06:48 (2599 turns).

pk666 the Magician (Deep Elf Fire Elementalist)     Turns: 2599, Time: 00:06:50

Health: -10/28     AC:  2    Str:  5    XL:     5   Next: 8%
Magic:  9/13       EV: 13    Int: 21    God:
Gold:   139        SH:  0    Dex: 15    Spells: 8/12 levels left

rFire    . . .     SeeInvis .   (no weapon)
rCold    . . .     Gourm    .   (no shield)
rNeg     + . .     Faith    .   a - +0 robe
rPois    .         Spirit   .   (no helmet)
rElec    .         Reflect  .   (no cloak)
rCorr    .         Harm     .   (no gloves)
MR       .....                  (no boots)
Stlth    ++........             (no amulet)
HPRegen  0.09/turn              d - ring of positive energy
MPRegen  0.13/turn              (no ring)

@: no status effects
A: no striking features
a: no special abilities


You were on level 3 of the Dungeon.
You were not hungry.

You visited 1 branch of the dungeon, and saw 3 of its levels.

You collected 139 gold pieces.

Inventory:

Armour
 a - a +0 robe (worn)
Jewellery
 d - a ring of positive energy (left hand)
Wands
 m - a wand of paralysis (6)
Scrolls
 b - a scroll of remove curse
 f - 2 scrolls of identify {unknown}
 g - a scroll of amnesia {unknown}
 h - a scroll of random uselessness {unknown}
 j - a scroll of enchant weapon {unknown}
Potions
 e - a potion of agility {unknown}
 i - a potion of cancellation {unknown}
 k - a potion of curing {unknown}
Comestibles
 c - 4 rations
 l - 2 chunks of flesh


   Skills:
 - Level 2.4 Dodging
 - Level 2.4 Stealth
 + Level 4.4 Spellcasting
 * Level 3.9 Conjurations
 + Level 4.2 Fire Magic


You had 8 spell levels left.
You knew the following spells:

 Your Spells              Type           Power        Failure   Level  Hunger
a - Flame Tongue          Conj/Fire      ###..        2%          1    None
c - Conjure Flame         Conj/Fire      ###.....     6%          3    ##.....

Your spell library contained the following spells:

 Spells                   Type           Power        Failure   Level  Hunger
 Fireball                 Conj/Fire      ###.......   52%         5    ######.
 Throw Flame              Conj/Fire      ###...       3%          2    #......
 Sticky Flame             Conj/Fire      ###.....     22%         4    ####...
 Inner Flame              Hex/Fire       ##......     14%         3    ##.....


Dungeon Overview and Level Annotations

Branches:
Dungeon (3/15)

Altars:

Annotations:
D:3 junkhipster's ghost, amateur GrFi


Message History

The orc is heavily wounded.
Junkhipster's ghost barely misses you. The orc misses you.
Casting: Flame Tongue (safe; 2% risk of failure)
Confirm with . or Enter, or press ? or * to list all spells.
Aiming: Flame Tongue (safe; 2% risk of failure)
Press: ? - help, Shift-Dir - straight line, f/p - orc
Aim: an orc (heavily wounded)
The flame tongue hits the orc.
The orc is severely wounded.
Junkhipster's ghost closely misses you. The orc hits you.
* * * LOW HITPOINT WARNING * * *
Casting: Flame Tongue (safe; 2% risk of failure)
Confirm with . or Enter, or press ? or * to list all spells.
Aiming: Flame Tongue (safe; 2% risk of failure)
Press: ? - help, Shift-Dir - straight line, f/p - orc
Aim: an orc (heavily wounded)
The flame tongue hits the orc.
You kill the orc!
Junkhipster's ghost hits you!
You die...

..####.# #.#.# ..#
#.####### #.#.#
..####.......###.#.######
.................[>......
..÷..#.......###.#.#<....
.....#.....### #.#.# ...
.....#).(..# #.#.# #
.....#.....# #†#.#
...#.#.##### #@#..
##...#.# #W#.. ######.###
#.#.. .........# #.#
.#...!.#[# #.# #.....#)#
#.# +....##)# #.#
#....##.# #.# #....##.#
#.#


You could see junkhipster's ghost.

Vanquished Creatures
  Ijyb (D:3)
  5 adders
  A worm (D:3)
  2 dart slugs
  2 leopard geckos (D:3)
  5 orcs (D:3)
  5 giant cockroaches (D:1)
  10 goblins
  3 hobgoblins
  3 jackals (D:2)
  2 quokkas (D:2)
  A ball python (D:3)
  3 bats
  3 frilled lizards (D:1)
  9 kobolds
  8 rats
63 creatures vanquished.

Notes
Turn   | Place    | Note
-------+----------+-------------------------------------------
     0 | D:1      | pk666 the Deep Elf Fire Elementalist began the quest for the Orb.
     0 | D:1      | Reached XP level 1. HP: 10/10 MP: 6/6
   226 | D:1      | Reached XP level 2. HP: 5/15 MP: 0/8
  1044 | D:1      | Reached XP level 3. HP: 19/19 MP: 8/10
  1049 | D:1      | Learned a level 3 spell: Conjure Flame
  1636 | D:2      | Found a faded altar of an unknown god.
  1703 | D:2      | Reached XP level 4. HP: 24/24 MP: 5/11
  1961 | D:3      | Noticed junkhipster's ghost (amateur GrFi)
  2191 | D:3      | Noticed Ijyb
  2193 | D:3      | Paralysed by Ijyb for 4 turns
  2200 | D:3      | Paralysed by Ijyb for 4 turns
  2207 | D:3      | Killed Ijyb
  2387 | D:3      | Reached XP level 5. HP: 28/28 MP: 7/13
  2599 | D:3      | Mangled by junkhipster's ghost

Vault maps used:
D:1:      co_arrival_random_square_maze, serial_corexii_hall,
          corexii_hall_statues_i, corexii_hall_statues_i, st_stairs_5,
          minmay_misc_feat_encased, minmay_pentomino_r4
D:2:      chequers_ecumenical_altar_island
D:3:      old_standard_altar, uniq_ijyb, uniq_robin, uniq_natasha

Skill      XL: |  1  2  3  4 |
---------------+-------------+-----
Conjurations   | 2 3 |  3.9
Spellcasting   | 4 |  4.4
Fire Magic     | 4 |  4.2
Dodging        | |  2.4
Stealth        | |  2.4

Action                   |  1- 3 |  4- 6 || total
-------------------------+-------+-------++-------
Melee: Unarmed           |     1 |       ||     1
 Cast: Flame Tongue      |    74 |    54 ||   128
       Conjure Flame     |       |     4 ||     4
  Use: Scroll            |       |     1 ||     1
  Eat: Chunk             |     2 |     3 ||     5
Armor: Robe              |    13 |     1 ||    14
Dodge: Dodged            |    50 |    10 ||    60

Table legend:
 A = Spawn XP
 B = Non-spawn XP
 C = Spawn XP percentage of total XP
 D = Spawn monster count
 E = Non-spawn monster count
 F = Spawn count percentage of total count
 G = Total turns spent on level
                    A         B        C        D         E        F      G
               +---------+---------+-------+---------+---------+-------+---------
         Total |       0 |     211 |   0.0 |       0 |      63 |   0.0 |  2599
               +---------+---------+-------+---------+---------+-------+---------
           D:1 |       0 |      44 |   0.0 |       0 |      26 |   0.0 |  1371
           D:2 |       0 |      55 |   0.0 |       0 |      18 |   0.0 |   526
           D:3 |       0 |     112 |   0.0 |       0 |      19 |   0.0 |   702
               +---------+---------+-------+---------+---------+-------+---------
